 Dungeon Crawl Stone Soup version 0.21-a0-352-g5b8f553 (webtiles) character file.

863 EvilAshe the Transmogrifier (level 8, -1/54 HPs)
             Began as a Merfolk Transmuter on Oct 11, 2017.
             Was an Initiate of Fedhas.
             Engulfed by a steam dragon's steam (6 damage)
             ... on level 6 of the Dungeon.
             The game lasted 00:21:10 (7192 turns).

EvilAshe the Transmogrifier (Merfolk Transmuter)    Turns: 7192, Time: 00:21:10

Health: -1/54      AC:  7    Str: 12    XL:     8   Next: 2%
Magic:  11/11      EV: 11    Int: 12    God:    Fedhas [......]
Gold:   334        SH:  0    Dex: 15    Spells: 5/11 levels left

rFire    . . .     SeeInvis .     - Unarmed
rCold    . . .     Gourm    .   (no shield)
rNeg     . . .     Faith    .   o - +1 ring mail {rPois}
rPois    +         Spirit   .   (no helmet)
rElec    .         Reflect  .   (no cloak)
rCorr    .         Harm     .   (no gloves)
MR       .....                  r - +0 pair of boots
Stlth    +.........             (no amulet)
HPRegen  0.18/turn              (no ring)
MPRegen  0.12/turn              (no ring)

@: appendage (expiring)
A: change form in water, swift swim, stealthy swim, horns 2
a: End Transformation, Fungal Bloom, Renounce Religion


You were on level 6 of the Dungeon.
You worshipped Fedhas.
Fedhas was noncommittal.
You were not hungry.
You had grown temporary horns.
You visited 2 branches of the dungeon, and saw 7 of its levels.

You collected 334 gold pieces.

Inventory:

Missiles
 e - 345 stones (quivered)
 y - 55 arrows
Armour
 b - a +0 robe
 o - a +1 ring mail of poison resistance (worn)
 r - a +0 pair of boots (worn)
 x - a +1 cloak
Jewellery
 t - an uncursed ring of protection from cold {unknown}
 u - an uncursed ring of stealth {unknown}
 F - an uncursed ring of poison resistance {unknown}
Wands
 m - a wand of acid (3/15)
 B - a wand of flame (19/48)
 D - a wand of lightning (8/15)
Scrolls
 a - a scroll of fog {unknown}
 f - 3 scrolls of teleportation {unknown}
 k - 3 scrolls of amnesia
 n - 3 scrolls of remove curse {unknown}
 q - a scroll of magic mapping {unknown}
 s - a scroll of enchant weapon {unknown}
 v - 2 scrolls of identify {unknown}
 z - a scroll of blinking {unknown}
Potions
 g - 4 potions of curing
 h - a potion of haste {unknown}
 i - a potion of invisibility {unknown}
 j - 2 potions of lignification {unknown}
 p - 2 potions of might {unknown}
 w - a potion of agility {unknown}
 A - 2 potions of ambrosia {unknown}
 C - 2 potions of heal wounds {unknown}
Books
 c - a book of Changes

   Spells                             Type                      Level
   a - Beastly Appendage              Transmutation                1
   b - Sticks to Snakes               Transmutation                2
   c - Spider Form                    Transmutation/Poison         3
   d - Ice Form                       Ice/Transmutation            4
   e - Blade Hands                    Transmutation                5
Comestibles
 d - 6 bread rations
 l - 2 meat rations
 E - 5 chunks of flesh


   Skills:
 - Level 1.1 Fighting
 - Level 2.6 Dodging
 + Level 7.5 Unarmed Combat
 - Level 2.0 Spellcasting
 + Level 8.5 Transmutations


You had 5 spell levels left.
You knew the following spells:

 Your Spells              Type           Power        Failure   Level  Hunger
a - Beastly Appendage     Tmut           ###...       1%          1    ##.....
p - Spider Form           Tmut/Pois      ##........   32%         3    ####...
s - Sticks to Snakes      Tmut           ###.....     2%          2    ###....


Dungeon Overview and Level Annotations

Branches:
Dungeon (6/15)             Temple (1/1) D:6

Altars:
Ashenzari
Cheibriados
Dithmenos
Elyvilon
Fedhas
Okawaru
Qazlal
Ru
Sif Muna

Shops:
D:4 (

Annotations:
D:4 Pikel


Innate Abilities, Weirdness & Mutations

You revert to your normal form in water.
You are very nimble and swift while swimming.
You are very stealthy in the water. (Stealth+)
You have a pair of horns on your head.


Message History

You closely miss the steam dragon. Your headbutt misses the steam dragon.
The steam dragon is heavily wounded.
You are engulfed in a cloud of scalding steam.
The steam dragon bites you!
The steam dragon claws you but does no damage.
You are too injured to fight recklessly!
You are too injured to fight recklessly!
You are too injured to fight recklessly!
You are too injured to fight recklessly!
Your transformation is almost over.
The steam dragon misses you.
The steam dragon claws you but does no damage.
The steam dragon breathes steam at you. The ball of steam hits you!
* * * LOW HITPOINT WARNING * * *
You barely miss the steam dragon.
The steam dragon is heavily wounded.
You are engulfed in a cloud of scalding steam.
You die...
Fedhas appreciates your contribution to the ecosystem.

###...## #.#.#...#...#..#
##.....## #.#.+#######'..### #
........## #......# #....[#.####
.........####...#########.....#..
.........'......§...............#
#........####..()#########....#.#
##......## ##.#§# #.#.##..
.#.....## ##..D## ##.####.#
>##...## ##...@.## #..# #.#
####'## #....§..## #.## #.. #.#
#.(###...## #.# ### #.#
#.........## #.# # #.#
#####...#......###.####### ...
........#.###...##........ ...
.##.....#........#.######. ...
#........#.......# . ##.#.
#.#..###.#.###...###. ..


You could see a steam dragon.

Vanquished Creatures
  A phantom (D:6)
  A slave (Temple)
  2 bullfrogs
  2 scorpions (D:6)
  A howler monkey (D:6)
  4 hounds
  4 orc wizards
  Jessica (D:2)
  2 worker ants
  2 hound zombies
  Robin (D:3)
  4 adders
  A river rat (D:5)
  2 oozes
  An adder zombie (D:5)
  An adder skeleton (D:6)
  4 worms
  6 leopard geckos
  9 orcs
  A ball python (D:6)
  5 giant cockroaches
  8 goblins
  7 hobgoblins
  4 jackals (D:2)
  4 quokkas
  6 bats
  6 frilled lizards
  A jackal skeleton (D:4)
  A jackal zombie (D:5)
  6 kobolds
  7 rats
  A fungus (D:2)
106 creatures vanquished.

Vanquished Creatures (collateral kills)
  An adder (D:2)
  A goblin (D:3)
  A hobgoblin (D:3)
  A quokka (D:6)
4 creatures vanquished.

Grand Total: 110 creatures vanquished

Notes
Turn   | Place    | Note
-------+----------+-------------------------------------------
     0 | D:1      | EvilAshe the Merfolk Transmuter began the quest for the Orb.
     0 | D:1      | Reached XP level 1. HP: 15/15 MP: 3/3
   285 | D:1      | Reached skill level 3 in Transmutations
   560 | D:1      | Reached XP level 2. HP: 19/21 MP: 5/5
   584 | D:1      | Learned a level 2 spell: Sticks to Snakes
   998 | D:2      | Noticed Jessica
  1012 | D:2      | Killed Jessica
  1012 | D:2      | Reached skill level 4 in Transmutations
  1012 | D:2      | Reached XP level 3. HP: 3/26 MP: 4/6
  1294 | D:2      | Learned a level 3 spell: Spider Form
  1740 | D:2      | Reached XP level 4. HP: 25/32 MP: 2/7
  2416 | D:3      | Found a white marble altar of Elyvilon.
  2656 | D:3      | Noticed Robin
  2825 | D:3      | Killed Robin
  3045 | D:3      | Reached skill level 5 in Transmutations
  3286 | D:4      | Reached XP level 5. HP: 37/37 MP: 8/8
  3450 | D:4      | Reached skill level 5 in Unarmed Combat
  3927 | D:4      | Noticed a slave
  3956 | D:4      | Found Ruic's Weapon Shop.
  4641 | D:4      | Noticed Pikel
  4668 | D:5      | Entered Level 5 of the Dungeon
  4749 | D:5      | Reached skill level 6 in Transmutations
  4749 | D:5      | Reached XP level 6. HP: 26/43 MP: 9/9
  5211 | D:5      | Reached skill level 7 in Transmutations
  5211 | D:5      | Reached XP level 7. HP: 23/48 MP: 10/10
  6429 | D:6      | Found a sacrificial altar of Ru.
  6470 | D:6      | Found a staircase to the Ecumenical Temple.
  6496 | Temple   | Entered the Ecumenical Temple
  6535 | Temple   | Became a worshipper of Fedhas Madash
  7054 | D:6      | Reached skill level 8 in Transmutations
  7159 | D:6      | Reached XP level 8. HP: 54/54 MP: 11/11
  7192 | D:6      | Engulfed by a steam dragon's steam

Vault maps used:
D:1:      nicolae_arrival_memento_mori
D:2:      minmay_gold_behind_fungi, uniq_jessica
D:3:      lemuel_crystal_altar, first_bread, uniq_robin
D:4:      serial_shops, shop, minmay_misc_feat_rows, uniq_pikel
D:5:      gup_sewer_entry_spiral, nrook_loot_triangle
D:6:      hangedman_cross_stitches, minmay_temple_entry_large_hall,
          nicolae_ossuary_entry_monument, serial_shops, shop, minivault_14,
          grunt_ministairs_6, nicolae_ru_great_annihilating_truth
Temple:   hc_temple_tempest_star

Skill      XL: |  1  2  3  4  5  6  7 |
---------------+----------------------+-----
Transmutations | 3 4 5 6 7 8 |  8.5
Unarmed Combat | 4 5 6 7 |  7.5
Fighting       | |  1.1
Dodging        | |  2.6
Spellcasting   | |  2.0

Action                   |  1- 3 |  4- 6 |  7- 9 || total
-------------------------+-------+-------+-------++-------
Melee: Unarmed           |    86 |   216 |   167 ||   469
       Headbutt          |     6 |    15 |    19 ||    40
       Punch             |       |     4 |     5 ||     9
       Tailslap          |       |       |     1 ||     1
Throw: Stone             |     4 |    26 |    17 ||    47
       Throwing net      |       |     1 |       ||     1
 Cast: Beastly Appendage |     9 |    15 |     7 ||    31
       Sticks to Snakes  |     5 |     7 |     4 ||    16
       Spider Form       |       |       |     1 ||     1
Evoke: Wand              |       |     1 |     1 ||     2
  Use: Scroll            |       |     1 |       ||     1
 Stab: Distracted        |       |       |     2 ||     2
       Invisible         |       |       |     2 ||     2
  Eat: Chunk             |     3 |    12 |     8 ||    23
Armor: Robe              |    16 |     1 |       ||    17
       Ring mail         |       |    63 |    61 ||   124
Dodge: Dodged            |    56 |   100 |    88 ||   244

Table legend:
 A = Spawn XP
 B = Non-spawn XP
 C = Spawn XP percentage of total XP
 D = Spawn monster count
 E = Non-spawn monster count
 F = Spawn count percentage of total count
 G = Total turns spent on level
                    A         B        C        D         E        F      G
               +---------+---------+-------+---------+---------+-------+---------
         Total |       0 |    1233 |   0.0 |       0 |     108 |   0.0 |  7192
               +---------+---------+-------+---------+---------+-------+---------
           D:1 |       0 |      17 |   0.0 |       0 |      14 |   0.0 |   956
           D:2 |       0 |      82 |   0.0 |       0 |      18 |   0.0 |  1145
           D:3 |       0 |      65 |   0.0 |       0 |      24 |   0.0 |  1268
           D:4 |       0 |     140 |   0.0 |       0 |      10 |   0.0 |  1299
           D:5 |       0 |     380 |   0.0 |       0 |      22 |   0.0 |  1691
           D:6 |       0 |     538 |   0.0 |       0 |      19 |   0.0 |   777
        Temple |       0 |      11 |   0.0 |       0 |       1 |   0.0 |    56
               +---------+---------+-------+---------+---------+-------+---------
